 Dungeon Crawl Stone Soup version 0.28.0-45-g0d030f2227 (webtiles) character file.

Game seed: 9099278671067694337

4 Zeld the Gusty (level 1, -1/10 HPs)
             Began as a Tengu Air Elementalist on Apr 2, 2022.
             Slain by an adder (2 damage)
             ... on level 2 of the Dungeon.
             The game lasted 00:01:07 (777 turns).

Zeld the Gusty (Tengu Air Elementalist)              Turns: 777, Time: 00:01:07

Health: -1/10      AC:  2    Str:  8    XL:     1   Next: 70%
Magic:  0/4        EV: 12    Int: 15    God:
Gold:   50         SH:  0    Dex: 14    Spells: 3/4 levels left

rFire   . . .      SeeInvis .   (no weapon)
rCold   . . .      Faith    .   (no shield)
rNeg    . . .      Spirit   .   a - +0 robe
rPois   .          Reflect  .   (helmet restricted)
rElec   .          Harm     .   (no cloak)
rCorr   .          Rampage  .   (no gloves)
Will    .....                   (boots unavailable)
Stlth   ++........              (no amulet)
HPRegen 0.03/turn               (no ring)
MPRegen 0.09/turn               (no ring)

@: no status effects
A: beak, talons 3
a: no special abilities


You were on level 2 of the Dungeon.
You visited 1 branch of the dungeon, and saw 2 of its levels.

You collected 50 gold pieces.

Inventory:

Armour
 a - a +0 robe (worn)
Scrolls
 c - a scroll of fear {unknown}
 d - a scroll of enchant armour {unknown}
 e - 2 scrolls of teleportation {unknown}
Potions
 b - 2 potions of attraction {unknown}


   Skills:
 + Level 2.2 Dodging
 + Level 2.0 Stealth
 * Level 2.1 Spellcasting
 + Level 1.5 Conjurations
 * Level 4.1 Air Magic


You had 3 spell levels left.
You knew the following spells:

 Your Spells              Type           Power      Damage    Failure   Level
a - Shock                 Conj/Air       40%        1d5       7%          1

Your spell library contained the following spells:

 Spells                   Type           Power      Damage    Failure   Level
 Static Discharge         Conj/Air       10%        N/A       11%         2
 Swiftness                Air            14%        N/A       12%         3
 Airstrike                Air            7%         N/A       36%         4


Dungeon Overview and Level Annotations

Branches:
Dungeon (2/15)

Altars:

Shops:
D:1 *


Innate Abilities, Weirdness & Mutations

You have a beak for a mouth.
You have claws for feet.


Message History

Nothing appears to happen.
Unknown command.
Casting: Shock (safe; 7% risk of failure)
Confirm with . or Enter, or press ? or * to list all spells.
Aiming: Shock (safe; 7% risk of failure)
Press: ? - help, Shift-Dir - straight line, f/p - adder
Aim: an adder (48% to hit)
The zap hits the adder.
The adder is heavily wounded.
Unknown command.
Casting: Shock (safe; 7% risk of failure)
Confirm with . or Enter, or press ? or * to list all spells.
Aiming: Shock (safe; 7% risk of failure)
Press: ? - help, Shift-Dir - straight line, f/p - adder
Aim: an adder (heavily wounded, 48% to hit)
The zap hits the adder.
The adder is heavily wounded.
The zap misses the rat.
The adder bites you.
Unknown command.
Casting: Shock (safe; 7% risk of failure)
Confirm with . or Enter, or press ? or * to list all spells.
Aiming: Shock (safe; 7% risk of failure)
Press: ? - help, Shift-Dir - straight line, f/p - adder
Aim: an adder (heavily wounded, 48% to hit)
The zap misses the adder.
The adder barely misses you. x2; The rat bites you.
Unknown command.
You hit the adder. Your kick misses the adder.
The adder is severely wounded.
The adder bites you but does no damage. The rat barely misses you.
You barely miss the adder. Your kick misses the adder.
The adder is severely wounded.
The adder barely misses you. The rat bites you.
* * * LOW HITPOINT WARNING * * *
Found a ring mail.
Your magical contamination has completely faded away.
The adder closely misses you.
Found a worn lead wand.
A frilled lizard and a ball python come into view.
The adder bites you.
You die...

#.# #.#### ##..#.#
#######.....
###.........# ## .
...........#$..#.
...#. ##r.<.......
#..S.##S#...#...#.
#..@..>!.# ##
#...#.........
#.............[.
...#.##....#.#....
#. ##.....#.#.. #
..#.###.#.. ./#..
.l...


You could see an adder, a ball python (asleep), a frilled lizard (asleep) and a
rat.

Vanquished Creatures
  A dart slug (D:1)
  2 ball pythons (D:1)
3 creatures vanquished.

Notes
Turn   | Place    | Note
-------+----------+-------------------------------------------
     0 | D:1      | Zeld the Tengu Air Elementalist began the quest for the
                  | Orb.
     0 | D:1      | Reached XP level 1. HP: 10/10 MP: 4/4
   565 | D:1      | Found Beschopo's General Store.
   587 | D:1      | Found a faded altar of an unknown god.
   777 | D:2      | Slain by an adder

Illustrated notes

Levels and vault maps discovered:
D:1:      roderic_octagonal_star, layout_basic,
          shapermc_ecumenical_altar_acropolis, serial_shops, shop
D:2:      layout_loops_ring, st_stairs_2, minmay_tromino_v4_b

Action                   || total
-------------------------++-------
Melee: Unarmed           ||     4
 Cast: Shock             ||    14
Armor: Robe              ||     1
Dodge: Dodged            ||     6
